 Dungeon Crawl Stone Soup version 0.29.1-1-gd02db6906a (webtiles) character file.

Game seed: 9664206708067067274

739 corgi the Ducker (level 7, -6/56 HPs)
             Began as a Merfolk Gladiator on Oct 1, 2022.
             Was a Priest of Dithmenos.
             Mangled by an orc warrior
             ... wielding a +0 battleaxe
              (8 damage)
             ... on level 5 of the Dungeon.
             The game lasted 00:31:40 (6040 turns).

corgi the Ducker (Merfolk Gladiator)                Turns: 6040, Time: 00:31:41

Health: -6/56      AC:  8    Str: 20    XL:     7   Next: 75%
Magic:  7/7        EV: 15    Int:  6    God:    Dithmenos [***...]
Gold:   130        SH:  0    Dex: 17    Spells: 6/6 levels left

rFire   . . .      SeeInvis .   a - +0 long sword
rCold   . . .      Faith    .   (no shield)
rNeg    . . .      Spirit   .   H - +0 robe
rPois   +          Reflect  .   c - +0 helmet
rElec   .          Harm     .   (no cloak)
rCorr   .          Rampage  .   s - +0 pair of gloves
Will    +....                   (no boots)
Stlth   ++++......              (no amulet)
HPRegen 0.18/turn               o - +4 ring of protection
MPRegen 0.10/turn               w - +6 ring of strength

@: wreathed by umbra, unable to read
A: (nimble swimmer 2), mertail, dopey 1, strong-willed 1, poison resistance,
inability to read after injury 1
a: Renounce Religion, Shadow Step


You were on level 5 of the Dungeon.
You worshipped Dithmenos.
Dithmenos was most pleased with you.
You visited 1 branch of the dungeon, and saw 5 of its levels.
You also visited: Sewer.

You collected 158 gold pieces.
You spent 28 gold pieces at shops.

Inventory:

Hand Weapons
 a - a +0 long sword (weapon)
 b - a +0 dagger
 m - a +0 short sword
Missiles
 d - 3 throwing nets (quivered)
 e - 4 javelins
Armour
 c - a +0 helmet (worn)
 n - a +0 leather armour
 r - a +3 ring mail
 s - a +0 pair of gloves (worn)
 H - a +0 robe (worn)
Magical Staves
 y - a staff of earth
Jewellery
 j - a +6 ring of intelligence
 o - a +4 ring of protection (left hand)
 t - a ring of wizardry
 w - a +6 ring of strength (right hand)
 x - an amulet of reflection
 G - a ring of wizardry
Scrolls
 f - a scroll of amnesia
 g - a scroll of fear
 h - 3 scrolls of blinking
 k - a scroll of magic mapping
 l - 4 scrolls of identify
 q - 2 scrolls of vulnerability
 u - a scroll of poison
Potions
 i - a potion of haste
 p - 2 potions of might
 v - 3 potions of degeneration {unknown}
 z - a potion of invisibility {unknown}
 A - 3 potions of brilliance {unknown}
 C - a potion of lignification {unknown}


   Skills:
 + Level 5.1 Fighting
 + Level 3.9(4.7) Short Blades
 - Level 4.0(4.8) Long Blades
 - Level 2.0 Throwing
 + Level 6.3 Dodging
 * Level 5.4 Stealth


You had 6 spell levels left.
You didn't know any spells.
Your spell library contained the following spells:

 Spells                   Type           Power      Damage    Failure   Level
 Blink                    Tloc           0%         N/A       58%         2
 Lesser Beckoning         Tloc           0%         N/A       83%         3
 Manifold Assault         Tloc           0%         N/A       100%        5


Dungeon Overview and Level Annotations

Branches:
Dungeon (5/15)              Sewer (visited)
 Temple: D:4-7

Altars:
Dithmenos
Hepliaklqana
Kikubaaqudgha
Nemelex Xobeh

Shops:
D:1 !   D:5 ?

Annotations:
D:2 Crazy Yiuf


Innate Abilities, Weirdness & Mutations

((You are very nimble when in or above water. (Stealth+, EV+, Speed+++)))
Your lower body shifts to a powerful aquatic tail in water.
You are dopey. (Int -2)
You are strong-willed. (Will+)
Your system is resistant to poisons. (rPois)
You occasionally lose the ability to read scrolls when taking damage.


Message History

The orc barely misses you.
The orc warrior hits you with a +0 battleaxe!
You hit the orc warrior but do no damage.
The orc warrior is lightly wounded.
The orc completely misses you. The orc warrior closely misses you.
You slash the orc warrior!
The orc warrior is heavily wounded.
The orc misses you. The orc warrior barely misses you.
You closely miss the orc warrior.
The orc warrior is heavily wounded.
The orc completely misses you. The orc warrior closely misses you.
You completely miss the orc warrior.
The orc warrior is heavily wounded.
The orc barely misses you. The orc warrior misses you.
You hit the orc warrior.
The orc warrior is severely wounded.
The orc barely misses you. The orc warrior barely misses you.
The orc warrior misses you. The orc completely misses you.
You slash the orc warrior!
The orc warrior is almost dead.
The orc barely misses you.
The orc warrior hits you with a +0 battleaxe!
* * * LOW HITPOINT WARNING * * *
You closely miss the orc warrior.
The orc warrior is almost dead.
The orc hits you with a +0 hand axe.
* * * LOW HITPOINT WARNING * * *
The orc warrior hits you with a +0 battleaxe!
You feel threatened and lose the ability to read scrolls!
* * * LOW HITPOINT WARNING * * *
You completely miss the orc warrior.
The orc warrior is almost dead.
The orc barely misses you. The orc warrior closely misses you.
You hit the orc warrior but do no damage.
The orc warrior is almost dead.
You can read scrolls again.
The orc closely misses you.
The orc warrior hits you with a +0 battleaxe!
You feel threatened and lose the ability to read scrolls!
You die...

..#...........# *,,,,,*,,,*
..#...........#######,,,,,*,,,*
..+...........#.....###+##*,,,*
###...........#..........#,,,,*
..............#..........#,,,,*
..............#..........#,,,,*
..............#.oo.......#,,,,*
..............###o########***+**
................@o.......,,,,,,*
.........................,,,,,,*
.........................,,,,,,*
.........................,,,,,,*
....................>....,,,,,,*
######+##'###############*******
#..........#....(..#
#..........'.......#
#..........#.......#


You could see an orc warrior and 2 orcs.

Vanquished Creatures
  A water moccasin (D:4)
  A black bear (D:5)
  3 scorpions
  A howler monkey (D:4)
  A hound (D:4)
  An orc priest (D:4)
  An orc wizard (D:4)
  4 adders
  3 gnolls (D:4)
  5 river rats (Sewer)
  2 worms
  4 dart slugs
  14 orcs
  11 ball pythons
  7 endoplasms
  5 giant cockroaches
  4 goblins
  13 hobgoblins
  3 quokkas (D:2)
  7 bats
  11 frilled lizards
  12 kobolds
  18 rats
132 creatures vanquished.

Vanquished Creatures (others)
  2 plants (D:3)
2 creatures vanquished.

Grand Total: 134 creatures vanquished

Notes
Turn   | Place    | Note
-------+----------+-------------------------------------------
     0 | D:1      | corgi the Merfolk Gladiator began the quest for the Orb.
     0 | D:1      | Reached XP level 1. HP: 16/16 MP: 1/1
   149 | D:1      | Reached XP level 2. HP: 23/23 MP: 2/2
   280 | D:1      | Found Koub Toq's Distillery.
   707 | D:1      | Found a faded altar of an unknown god.
   719 | D:1      | Reached XP level 3. HP: 16/28 MP: 3/3
   722 | D:1      | Prayed at the altar of an unknown god.
   722 | D:1      | Became a worshipper of Dithmenos the Shadowed
   722 | D:1      | Reached * piety under Dithmenos
  1371 | D:1      | Reached skill level 1 in Stealth
  2186 | D:2      | Found a runed translucent door.
  2187 | D:2      | Noticed Crazy Yiuf
  2649 | D:3      | Noticed a scorpion
  2734 | D:3      | Reached skill level 1 in Short Blades
  2734 | D:3      | Reached XP level 4. HP: 35/35 MP: 4/4
  2969 | D:3      | Killed a scorpion
  2970 | D:3      | Reached skill level 5 in Dodging
  2970 | D:3      | Reached XP level 5. HP: 20/42 MP: 5/5
  3393 | D:3      | Found an ancient bone altar of Kikubaaqudgha.
  3393 | D:3      | Found a sparkling altar of Nemelex Xobeh.
  3493 | D:3      | Reached ** piety under Dithmenos
  3919 | D:4      | Reached XP level 6. HP: 44/48 MP: 6/6
  4108 | D:4      | Found a glowing drain.
  4145 | Sewer    | Entered a sewer
  4935 | D:4      | Noticed a water moccasin
  4938 | D:4      | Reached XP level 7. HP: 55/55 MP: 7/7
  4949 | D:4      | Reached skill level 6 in Dodging
  4955 | D:4      | Reached *** piety under Dithmenos
  5552 | D:5      | Entered Level 5 of the Dungeon
  5684 | D:5      | Found a hazy altar of Hepliaklqana.
  5691 | D:5      | Reached skill level 5 in Fighting
  5691 | D:5      | Reached skill level 5 in Stealth
  5706 | D:5      | Found Xuotu's Magic Scroll Emporium.
  5714 | D:5      | Bought a scroll of identify for 28 gold pieces
  5756 | D:5      | Identified a scroll of acquirement
  5756 | D:5      | Acquired an amulet of reflection
  5866 | D:5      | Gained mutation: You have an increased reservoir of magic.
                  | (+10% MP) [potion of mutation]
  5866 | D:5      | Gained mutation: You are covered in fur. (AC +1) [potion of
                  | mutation]
  5866 | D:5      | Gained mutation: You occasionally lose the ability to read
                  | scrolls when taking damage. [potion of mutation]
  5867 | D:5      | Lost mutation: You have an increased reservoir of magic.
                  | (+10% MP) [potion of mutation]
  5867 | D:5      | Lost mutation: You are covered in fur. (AC +1) [potion of
                  | mutation]
  5867 | D:5      | Gained mutation: You are dopey. (Int -2) [potion of
                  | mutation]
  5867 | D:5      | Gained mutation: You are strong-willed. (Will+) [potion of
                  | mutation]
  5867 | D:5      | Gained mutation: Your system is resistant to poisons.
                  | (rPois) [potion of mutation]
  6038 | D:5      | HP: 2/56 [orc warrior/+0 battleaxe (9)]
  6040 | D:5      | Mangled by an orc warrior

Illustrated notes

Levels and vault maps discovered:
D:1:      noname_arrival_rooms_in_the_neighbourhood, layout_basic, serial_shops,
          nicolae_shop_window_shopping, ebering_ecumenical_altar_abandoned,
          minmay_indecisive_spiral
D:2:      layout_basic, uniq_crazy_yiuf_cottage
D:3:      layout_loops_ring, gammafunk_temple_overflow_elements, serial_forest,
          infiniplex_forest_clump_small, infiniplex_forest_lined_room_,
          infiniplex_forest_zigzag_1, infiniplex_forest_lined_room_2,
          minmay_misc_feat_alley
D:4:      layout_cave_pods, gup_sewer_entry_glass
D:5:      layout_gridville, mainiacjoe_overflow_catwalk, serial_shops,
          nicolae_shop_trees

Skill      XL: |  1  2  3  4  5  6  7 |
---------------+----------------------+-----
Long Blades    | 4 |  4.0
Stealth        | 1 2 3 4 5 |  5.4
Fighting       | 3 4 5 |  5.1
Short Blades   | 1 2 3 |  3.9
Dodging        | 5 6 |  6.3
Throwing       | |  2.0

Action                   |  1- 3 |  4- 6 |  7- 9 || total
-------------------------+-------+-------+-------++-------
Melee: Long sword        |   107 |   228 |    74 ||   409
       Punch             |     2 |       |     1 ||     3
       Short sword       |    14 |       |       ||    14
       Dagger            |       |     2 |     1 ||     3
       Tailslap          |       |     2 |       ||     2
Throw: Throwing net      |       |     1 |     1 ||     2
  Use: Potion            |     2 |     1 |     5 ||     8
       Scroll            |     1 |       |     8 ||     9
 Stab: Sleeping          |     3 |     7 |     4 ||    14
Armor: Leather armour    |    10 |    68 |     4 ||    82
       Ring mail         |    15 |       |       ||    15
       Robe              |       |       |    10 ||    10
Dodge: Dodged            |    73 |   228 |    87 ||   388
